 Dungeon Crawl Stone Soup version 0.30.0-29-ga12c61a403 (webtiles) character file.

Game seed: 17294060803523452084

26 cheesebisquit the Grave Robber (level 3, -2/28 HPs)
             Began as a Ghoul Necromancer on June 6, 2023.
             Slain by a worm (8 damage)
             ... on level 2 of the Dungeon.
             The game lasted 00:06:16 (1749 turns).

cheesebisquit the Grave Robber (Ghoul Necromancer)  Turns: 1749, Time: 00:06:16

Health: -2/28      AC:  2    Str: 11    XL:     3   Next: 8%
Magic:  5/5        EV: 12    Int: 12    God:
Gold:   30         SH:  0    Dex:  9    Spells: 5/6 levels left

rFire   . . .        f - +0 mace
rCold   + . .        (no shield)
rNeg    + + +        a - +0 robe
rPois   ∞            (no helmet)
rElec   .            (no cloak)
rCorr   .            (no gloves)
SInv    .            (no boots)
Will    .....        (no amulet)
Stlth   ++           (no ring)
HPRegen 0.00/turn    (no ring)
MPRegen 0.09/turn

%: no passive effects
@: inhibited regen
A: claws 1, cold resistance 1, negative energy resistance 3, inhibited
regeneration, torment resistance 2, devour on kill
a: no special abilities


You were on level 2 of the Dungeon.
You visited 1 branch of the dungeon, and saw 2 of its levels.

You collected 30 gold pieces.

Inventory:

Hand Weapons
 f - a +0 mace (weapon)
Armour
 a - a +0 robe (worn)
Jewellery
 j - an amulet of guardian spirit
Scrolls
 d - a scroll of immolation {unknown}
 g - a scroll of blinking {unknown}
 i - 3 scrolls of identify {unknown}
Potions
 c - a potion of haste {unknown}
 e - a potion of cancellation {unknown}
 h - 2 potions of resistance {unknown}
 k - a potion of brilliance {unknown}


   Skills:
 + Level 1.4 Fighting
 - Level 1.7 Dodging
 - Level 2.1 Stealth
 + Level 2.2 Spellcasting
 + Level 4.3 Necromancy


You had 5 spell levels left.
You knew the following spells:

 Your Spells              Type           Power      Damage    Failure   Level
a - Necrotise             Necr           44%        1d6       4%          1

Your spell library contained the following spells:

 Spells                   Type           Power      Damage    Failure   Level
 Vampiric Draining        Necr           11%        2d6       14%         3
 Animate Dead             Necr           11%        N/A       41%         4
 Agony                    Necr           11%        N/A       77%         5


Dungeon Overview and Level Annotations

Branches:
Dungeon (2/15)

Altars:
Uskayaw


Innate Abilities, Weirdness & Mutations

You are immune to poison.
You have sharp fingernails.
Your flesh is cold resistant. (rC+)
You are immune to negative energy. (rN+++)
You do not regenerate when monsters are visible.
You are immune to unholy pain and torment.
You thrive by killing the living.


Message History

Found 6 stones.
i - 2 scrolls labelled KAEF BURISCHOET (gained 1)
k - a smoky white potion
Found 5 stones.
Found a hide-covered altar of Uskayaw.
Found a stone staircase leading down.
A quokka comes into view.
A kobold comes into view. It is wielding a +0 short sword.
You see here a scroll labelled KAEF BURISCHOET.
i - 3 scrolls labelled KAEF BURISCHOET (gained 1)
The quokka writhes in agony.
The quokka writhes in agony.
You kill the quokka!
The dead are hopping!
You swap places.
A worm comes into view.
The worm writhes in agony.
A jackal comes into view.
The jackal moves out of view.
The worm writhes in agony.
Found a pair of boots.
A jackal comes into view.
A jackal comes into view.
The worm closely misses you.
The worm writhes in agony.
Your quokka skeleton crumbles into dust!
The worm writhes in agony.
The worm bites you!
The worm writhes in agony.
You hit the worm but do no damage.
The worm is almost dead.
The worm bites you but does no damage.
You barely miss the worm.
The worm is almost dead.
The worm bites you!
You hit the worm but do no damage.
The worm is severely wounded.
The worm bites you.
* * * LOW HITPOINT WARNING * * *
Magic courses through your body. The worm bites you!
You die...

.. .. .# . . .. [
.## ♣.♣. .♣.♣..
.# #......#..#
.#.## #....#.#..#
.....
......h...##.#.##
..#..#w#........#
.......@.........
..
#.........#...#
...
###..##.......#
#...
#.............#
....
.....##...#.#.#
♣.# ♣#♣# #...#.#
# ..# ##.##...#.#
♣.# .♣.......#.#
..#..#
...........#


You could see a worm and a jackal.

Vanquished Creatures
  2 bats
  2 endoplasms
  3 giant cockroaches
  2 goblins (D:1)
  4 hobgoblins
  2 quokkas
  3 ball pythons (D:1)
  A frilled lizard (D:1)
  A kobold (D:2)
  3 rats
23 creatures vanquished.

Notes
Turn   | Place    | Note
-------+----------+-------------------------------------------
     0 | D:1      | cheesebisquit the Ghoul Necromancer began the quest for the
                  | Orb.
     0 | D:1      | Reached XP level 1. HP: 14/14 MP: 2/2
   243 | D:1      | Reached XP level 2. HP: 22/22 MP: 0/4
   466 | D:1      | Reached skill level 1 in Fighting
  1596 | D:2      | Reached XP level 3. HP: 28/28 MP: 2/5
  1691 | D:2      | Found a hide-covered altar of Uskayaw.
  1749 | D:2      | Slain by a worm

Illustrated notes

Levels and vault maps discovered:
D:1:      dpeg_arrival_tiny_g, layout_basic, serial_forest,
          infiniplex_forest_straight_3, infiniplex_forest_straight_5,
          infiniplex_forest_clump_double, infiniplex_forest_lined_2,
          infiniplex_forest_end_2, infiniplex_forest_clump_double,
          infiniplex_forest_straight_2
D:2:      layout_basic, serial_forest, infiniplex_forest_lined_room_3,
          infiniplex_forest_lined_ring, infiniplex_forest_lined_room_2,
          infiniplex_forest_fountain, infiniplex_forest_zigzag_2,
          infiniplex_forest_lined_3, basic_altar, nicolae_shop_vocational

Skill      XL: |  1  2 |
---------------+-------+-----
Spellcasting   | 2 |  2.2
Fighting       | 1 |  1.4
Dodging        | |  1.7
Stealth        | |  2.1
Necromancy     | |  4.3

Action                     || total
---------------------------++-------
  Melee: Mace              ||   320
         Punch             ||    10
   Cast: Necrotise         ||    51
    Use: Potion            ||     1
 Armour: Robe              ||    11
  Dodge: Dodged            ||    18
